 Dungeon Crawl Stone Soup version 0.31-a0-496-g6f97920a28 (webtiles) character file.

Game seed: 2076048553264584915

128 bmack86 the Chopper (level 4, -9/39 HPs)
             Began as a Minotaur Fighter on Aug 8, 2023.
             Killed by divine providence
             ... invoked by an orc priest
              (15 damage)
             ... on level 3 of the Dungeon.
             The game lasted 00:04:20 (1596 turns).

bmack86 the Chopper (Minotaur Fighter)              Turns: 1596, Time: 00:04:20

Health: -9/39      AC:  6    Str: 20 (22) XL:     4   Next: 87%
Magic:  3/3        EV:  9    Int:  3 (5)  God:
Gold:   125        SH:  4    Dex:  8 (10) Spells: 3/3 levels left

rFire   . . .        a - +0 war axe
rCold   . . .        c - +0 buckler
rNeg    . . .        b - +0 scale mail
rPois   .            (helmet restricted)
rElec   .            (no cloak)
rCorr   .            (no gloves)
SInv    .            (no boots)
Will    .....        (no amulet) Stlth
                     (no ring)
HPRegen 0.26/turn    (no ring)
MPRegen 0.08/turn

%: no passive effects
@: no status effects
A: horns 2, retaliatory headbutt
a: no special abilities


You were on level 3 of the Dungeon.
You visited 1 branch of the dungeon, and saw 4 of its levels.

You collected 125 gold pieces.

Inventory:

Hand Weapons
 a - a +0 war axe (weapon)
Missiles
 r - 2 boomerangs
Armour
 b - a +0 scale mail (worn)
 c - a +0 buckler (worn)
Jewellery
 h - a ring of magical power
 j - an amulet of faith
 t - a ring of protection from fire
Scrolls
 e - 2 scrolls of identify {unknown}
 g - 2 scrolls of enchant armour {unknown}
 i - a scroll of butterflies {unknown}
 k - 2 scrolls of vulnerability {unknown}
 l - a scroll of teleportation {unknown}
 m - a scroll of silence {unknown}
 n - 2 scrolls of enchant weapon {unknown}
Potions
 d - 2 potions of might
 f - a potion of degeneration
 o - a potion of cancellation {unknown}
 p - a potion of attraction {unknown}
 q - a potion of curing {unknown}
 s - a potion of lignification {unknown}


   Skills:
 - Level 3.6 Fighting
 + Level 6.2 Axes
 - Level 3.6 Armour
 - Level 3.6 Shields


You had 3 spell levels left.
You didn't know any spells.
Your spell library contained the following spells:

 Spells                   Type           Power      Damage    Failure   Level
 Kiss of Death            Conj/Necr      0%         2d5       91%         1
 Confusing Touch          Hex            0%         N/A       99%         3
 Inner Flame              Hex/Fire       0%         N/A       99%         3
 Dispel Undead            Necr           0%         3d6       100%        4
 Flame Wave               Conj/Fire      0%         2d4       100%        4
 Sticky Flame             Conj/Fire      0%         2d3       100%        4


Dungeon Overview and Level Annotations

Branches:
Dungeon (4/15)
 Temple: D:4-7

Altars:
Yredelemnul

Shops:
D:3 ?


Innate Abilities, Weirdness & Mutations

You have a pair of horns on your head.
You reflexively headbutt those who attack you in melee.


Message History

You feel sick.
You feel sick.
You feel sick.
You feel sick.
You are no longer poisoned.
t - a ring of protection from fire
n - 2 scrolls labelled FIYMAF JIBIJ (gained 1)
There is a stone staircase leading down here.
Things that are here:
a +0 short sword; an orc corpse
There is a stone staircase leading up here.
Found a Trismegistus Codex.
An orc comes into view. It is wielding a +0 hand axe.
An orc priest comes into view. It is wielding a +0 whip.
The orc priest shouts!
You hear a shout! x2
An orc comes into view. It is wielding a +0 club.
The orc hits you with a +0 hand axe.
You see here a scroll labelled FIYMAF JIBIJ.
You barely miss the orc. You headbutt the orc, but do no damage.
The orc barely misses you.
You closely miss the orc. You headbutt the orc, but do no damage.
The orc hits you with a +0 hand axe.
* * * LOW HITPOINT WARNING * * *
A hobgoblin comes into view.
The orc hits you with a +0 hand axe.
* * * LOW HITPOINT WARNING * * *
The hobgoblin shouts!
You hit the orc but do no damage. You headbutt the orc.
The orc is moderately wounded.
An orc wizard comes into view. It is wielding a +0 dagger.
The orc closely misses you.
You slash the orc!
You kill the orc!
The orc attacks as you move away! The orc hits you with a +0 club.
* * * LOW HITPOINT WARNING * * *
An orc comes into view. It is wielding a +0 hand axe.
The orc shouts!
The orc priest calls down the wrath of Beogh upon you.
Beogh smites you!
You die...

#.############.#
.....##.....#..#
........)†....##
..............######### #
...)..........#...#...## #.#
.........)...>.........#....
............................
.............)..............
.>..>.......)<..@o..g)o.....
..............)...o....#....
.....##...............## #
.##..###[...†...##.####
.................#.o#
###..##...............
#..##.^......#.###.##
.............#... ..
..###......).##...


You could see an orc priest, an orc wizard, 2 orcs and a hobgoblin.

Vanquished Creatures
  An orc wizard (D:4)
  3 adders
  A worm (D:3)
  2 dart slugs
  9 orcs
  6 ball pythons
  7 bats
  3 endoplasms
  A giant cockroach (D:1)
  9 goblins
  A hobgoblin (D:1)
  2 jackals (D:3)
  4 quokkas
  2 frilled lizards (D:1)
  5 kobolds
  5 rats
61 creatures vanquished.

Notes
Turn   | Place    | Note
-------+----------+-------------------------------------------
     0 | D:1      | bmack86 the Minotaur Fighter began the quest for the Orb.
     0 | D:1      | Reached XP level 1. HP: 19/19 MP: 0/0
    55 | D:1      | Reached skill level 3 in Axes
   129 | D:1      | Reached XP level 2. HP: 26/26 MP: 1/1
   324 | D:1      | Reached skill level 4 in Axes
   387 | D:1      | Reached XP level 3. HP: 31/31 MP: 2/2
   913 | D:2      | Found a faded altar of an unknown god.
  1135 | D:2      | Found a basalt altar of Yredelemnul.
  1285 | D:2      | You fall into a shaft and drop 2 floors!
  1306 | D:4      | Reached skill level 5 in Axes
  1306 | D:4      | Reached XP level 4. HP: 16/39 MP: 3/3
  1496 | D:3      | Reached skill level 6 in Axes
  1550 | D:3      | Found Qiyllem's Magic Scroll Shoppe.
  1596 | D:3      | Killed from afar by an orc priest

Illustrated notes

Levels and vault maps discovered:
D:1:      minmay_arrival_up_and_down, layout_rooms, nicolae_titane
D:2:      layout_basic, basic_altar, chequers_ecumenical_altar_twisty,
          serial_curves, eino_curves_04, eino_curves_01, minmay_hedge_maze
D:3:      layout_rooms, serial_shops, nicolae_shop_window_shopping, st_stairs_7,
          grunt_ministairs_12, uniq_grinder
D:4:      layout_basic, uniq_edmund

Skill      XL: |  1  2  3  4 |
---------------+-------------+-----
Axes           | 3 4 5 6 |  6.2
Fighting       | |  3.6
Armour         | |  3.6
Shields        | |  3.6

Action                     |  1- 3 |  4- 6 || total
---------------------------+-------+-------++-------
  Melee: War axe           |   121 |    41 ||   162
         Headbutt          |    23 |     7 ||    30
    Use: Potion            |       |     2 ||     2
 Armour: Scale mail        |    69 |    15 ||    84
  Dodge: Dodged            |    58 |    36 ||    94
  Block: Buckler           |    30 |    13 ||    43

Table legend: (Time is in decaauts)
 A = Elapsed time spent in this place.
 B = Non-inter-level travel time spent in this place.
 C = Inter-level travel time spent in this place.
 D = Time resting spent in this place.
 E = Time spent auto-exploring this place.
 F = Levels seen in this place.
 G = Mean time per level.
                   A        B        C        D        E       F      G
               +--------+--------+--------+--------+--------+-----+--------+
         Total |   1645 |   1614 |     31 |     97 |    852 |   4 |  411.2 |
       Dungeon |   1645 |   1614 |     31 |     97 |    852 |   4 |  411.2 |
               +--------+--------+--------+--------+--------+-----+--------+

Top non-repeatable levels by time:
     D:2: 848 daAuts
     D:1: 564 daAuts
     D:3: 138 daAuts
     D:4: 93 daAuts
